[Event "DVM U16w 2024"]
[Site "Neumuenster"]
[Date "2024.12.29"]
[Round "5"]
[White "Lorenz, Veronika"]
[Black "Czaeczine, Paula"]
[Result "1/2-1/2"]
[ECO "C55"]
[WhiteElo "1974"]
[BlackElo "1811"]
[Annotator "NA RC"]
[PlyCount "135"]
[EventDate "2024.12.23"]
[EventType "team-tourn"]
[EventRounds "7"]
[EventCountry "GER"]
[SourceTitle "playchess.com"]
[Source "ChessBase"]
[SourceQuality "1"]
[TimeControl "40/5400+30:1800+30"]

1. e4 e5 2. Nf3 Nc6 3. Bb5 a6 4. Ba4 Nf6 5. d3 b5 6. Bb3 Be7 7. O-O d6 8. c3 O-O 9. h3 Na5 10. Bc2 c5 11. d4 cxd4 12. cxd4 Qc7 13. Nc3 Bd7 14. Bd2 Nc4 15. Rb1 Rac8 16. Bd3 exd4 17. Nxd4 Ne5 18. Be3 Nxd3 19. Qxd3 Rfe8 20. Rfd1 Qc4 21. f3 Qxd3 22. Rxd3 b4 23. Nce2 Bf8 24. Nf4 Re5 25. Rd2 d5 26. Nd3 Ree8 27. e5 Bb5 28. Nxb5 axb5 29. Bd4 Nd7 30. Re1 g6 31. b3 Rc6 32. Rde2 Be7 33. Nf4 Bh4 34. Bf2 Bxf2+ 35. Kxf2 d4 36. Nd3 Rce6 37. Re4 Kf8 38. Rxd4 Nxe5 39. Nxe5 Rxe5 40. Rxe5 Rxe5 41. Rxb4 Rc5 42. Ke3 Rc2 43. Rxb5 Rxa2 44. g3 Ke7 45. Rb7+ Ke6 46. b4 Rb2 47. Kf4 h6 48. g4 Kf6 49. b5 Rb4+ 50. Kg3 g5 51. b6 Rb2 52. Rb8 Kg7 53. h4 Kh7 54. b7 Kg7 55. h5 Kh7 56. Kh3 Kg7 57. Kg3 Kh7 58. Ra8 Rxb7 59. Ra4 Kg7 60. Kf2 Rb3 61. Rd4 Ra3 62. Ke2 Kf6 63. Rd6+ Kg7 64. Rd3 Ra2+ 65. Ke3 Ra6 66. Ke4 Kf6 67. Rd4 Re6+ 68. Kd3 1/2-1/2

[Event "DVM U16w 2024"]
[Site "Neumuenster"]
[Date "2024.12.29"]
[Round "5"]
[White "Reich, Elisabeth"]
[Black "Rafikova, Ailin"]
[Result "1/2-1/2"]
[ECO "B10"]
[WhiteElo "1861"]
[BlackElo "1735"]
[Annotator "NA RC"]
[PlyCount "132"]
[EventDate "2024.12.23"]
[EventType "team-tourn"]
[EventRounds "7"]
[EventCountry "GER"]
[SourceTitle "playchess.com"]
[Source "ChessBase"]
[SourceQuality "1"]
[TimeControl "40/5400+30:1800+30"]

1. e4 c6 2. d3 d5 3. Nd2 e5 4. Ngf3 Bd6 5. g3 Nf6 6. Bg2 O-O 7. O-O Nbd7 8. Re1 Re8 9. Nh4 Qb6 10. Nb3 d4 11. Nf5 Bb4 12. Nd2 Nf8 13. Nc4 Qc7 14. Bd2 Bxd2 15. Nxd2 Ng6 16. h4 Ne7 17. Nxe7+ Qxe7 18. a3 Be6 19. Nf3 Bg4 20. Qd2 c5 21. Nh2 Be6 22. Rac1 Rac8 23. c4 dxc3 24. Qxc3 Qd6 25. Nf3 Bg4 26. Nd2 Nd7 27. Nc4 Qc7 28. Ne3 Be6 29. Rc2 b6 30. Rf1 Red8 31. f4 f6 32. f5 Bf7 33. g4 Nb8 34. Rd2 Nc6 35. Nc2 Qd6 36. Rff2 Rd7 37. g5 Kf8 38. g6 Bg8 39. h5 h6 40. Rd1 Rcd8 41. Bf1 Rc7 42. Rc1 Rdc8 43. Kg2 Nd4 44. Ne3 Qc6 45. Qe1 Qb5 46. Ng4 Qd7 47. Ne3 Rb7 48. Qc3 Rbb8 49. Be2 Rc7 50. Bf1 Rbc8 51. Qe1 Qb5 52. Qc3 Qa6 53. Kg1 b5 54. Kg2 Qb6 55. b4 Qd6 56. Qb2 cxb4 57. Rxc7 Qxc7 58. Qxb4+ Qc5 59. Qa5 Nb3 60. Qb4 Qxb4 61. axb4 Nd4 62. Rb2 Rc3 63. Rb1 Nb3 64. Rb2 Nd4 65. Rb1 Nb3 66. Rb2 Nd4 1/2-1/2

[Event "DVM U16w 2024"]
[Site "Neumuenster"]
[Date "2024.12.29"]
[Round "5"]
[White "Jacobasch, Ronja"]
[Black "Neumann, Helena"]
[Result "0-1"]
[ECO "A34"]
[WhiteElo "1801"]
[BlackElo "2041"]
[Annotator "NA"]
[PlyCount "92"]
[EventDate "2024.12.23"]
[EventType "team-tourn"]
[EventRounds "7"]
[EventCountry "GER"]
[SourceTitle "playchess.com"]
[Source "ChessBase"]
[SourceQuality "1"]
[TimeControl "40/5400+30:1800+30"]

1. c4 c5 2. Nc3 Nf6 3. g3 d5 4. cxd5 Nxd5 5. Bg2 Nc7 6. Nf3 Nc6 7. O-O e5 8. d3 Be7 9. b3 Be6 10. Bb2 f6 11. Rc1 Qd7 12. Re1 O-O 13. a3 Rad8 14. Qc2 b6 15. Ne4 a5 16. Red1 Nb5 17. Ned2 Ncd4 18. Nxd4 exd4 19. Nc4 Qc7 20. e3 Rd7 21. a4 Na7 22. e4 f5 23. Re1 f4 24. Qe2 Bg5 25. Rb1 Rdf7 26. Qh5 h6 27. Bc1 Nc6 28. e5 fxg3 29. fxg3 Bxc1 30. Rbxc1 Bxc4 31. bxc4 Rf5 32. Qg4 Nxe5 33. Qe4 Qf7 34. Rb1 Qf6 35. g4 Nf3+ 36. Bxf3 Rxf3 37. Qe6+ Qxe6 38. Rxe6 Rxd3 39. Rexb6 Rc3 40. R6b5 Rxc4 41. Rxa5 d3 42. Rab5 d2 43. Rd1 Rc1 44. Rb1 Rxb1 45. Rxb1 c4 46. Rd1 c3 0-1

[Event "DVM U16w 2024"]
[Site "Neumuenster"]
[Date "2024.12.29"]
[Round "5"]
[White "Czaeczine, Laura"]
[Black "Fock, Madiha"]
[Result "1-0"]
[ECO "B90"]
[WhiteElo "1787"]
[BlackElo "1797"]
[Annotator "NA RC"]
[PlyCount "103"]
[EventDate "2024.12.23"]
[EventType "team-tourn"]
[EventRounds "7"]
[EventCountry "GER"]
[SourceTitle "playchess.com"]
[Source "ChessBase"]
[SourceQuality "1"]
[TimeControl "40/5400+30:1800+30"]

1. e4 c5 2. Nf3 d6 3. d4 cxd4 4. Nxd4 Nf6 5. Nc3 a6 6. h3 b5 7. Nd5 Nxd5 8. exd5 Bb7 9. c4 bxc4 10. Bxc4 g6 11. Qb3 Qc7 12. Be3 Nd7 13. Qa4 Bg7 14. Rc1 O-O 15. Be2 Nc5 16. Qc4 Qd7 17. Bg4 Qa4 18. b4 Ne4 19. O-O Nf6 20. Bf3 Rfc8 21. Nc6 Bxc6 22. dxc6 Rab8 23. Bd2 e6 24. c7 Rb6 25. Bc6 Qa3 26. Bf3 Nd7 27. Be2 d5 28. Qc2 Rb7 29. Qd3 Qxd3 30. Bxd3 Rb6 31. a4 Ne5 32. Be2 Rd6 33. b5 axb5 34. axb5 Nc4 35. Bb4 Rd7 36. Bxc4 dxc4 37. b6 Bb2 38. b7 Rdxc7 39. bxc8=Q+ Rxc8 40. Rc2 c3 41. Rd1 Rc4 42. Be7 Kg7 43. g4 h6 44. Bh4 h5 45. f3 hxg4 46. hxg4 Rc8 47. Be1 Rc7 48. Rd3 Kf6 49. Bxc3+ Bxc3 50. Rdxc3 Rd7 51. Kg2 Kg5 52. Rc7 1-0

[Event "DVM U16w 2024"]
[Site "Neumuenster"]
[Date "2024.12.29"]
[Round "5"]
[White "Stepanjan, Marianne"]
[Black "Wang, Enya Marie"]
[Result "0-1"]
[ECO "C72"]
[WhiteElo "1779"]
[BlackElo "1755"]
[Annotator "NA"]
[PlyCount "65"]
[EventDate "2024.12.23"]
[EventType "team-tourn"]
[EventRounds "7"]
[EventCountry "GER"]
[SourceTitle "playchess.com"]
[Source "ChessBase"]
[SourceQuality "1"]
[TimeControl "40/5400+30:1800+30"]

1. e4 e5 2. Nf3 Nc6 3. Bb5 a6 4. Ba4 d6 5. O-O Bg4 6. h3 h5 7. Bxc6+ bxc6 8. d3 Qf6 9. Nc3 Bxf3 10. Qxf3 Qxf3 11. gxf3 Ne7 12. f4 f6 13. fxe5 fxe5 14. f4 Ng6 15. f5 Ne7 16. Bg5 Rb8 17. b3 h4 18. Kh2 Rd8 19. f6 gxf6 20. Bxf6 Rh7 21. Rg1 Bh6 22. Rg4 Kd7 23. Rxh4 Bf4+ 24. Kg2 Rg8+ 25. Rg4 Rxg4+ 26. hxg4 Rh2+ 27. Kf3 Rxc2 28. Bxe7 Rxc3 29. Bh4 Rxd3+ 30. Kf2 Ke6 31. Bd8 Rg3 32. Bxc7 Rxg4 33. Rc1 0-1

[Event "DVM U16w 2024"]
[Site "Neumuenster"]
[Date "2024.12.29"]
[Round "5"]
[White "Sayouf, Rafif"]
[Black "Stepanjan, Tatevik Mia"]
[Result "0-1"]
[ECO "B41"]
[WhiteElo "1680"]
[BlackElo "1572"]
[Annotator "NA"]
[PlyCount "60"]
[EventDate "2024.12.23"]
[EventType "team-tourn"]
[EventRounds "7"]
[EventCountry "GER"]
[SourceTitle "playchess.com"]
[Source "ChessBase"]
[SourceQuality "1"]
[TimeControl "40/5400+30:1800+30"]

1. e4 c5 2. Nf3 Nc6 3. d4 cxd4 4. Nxd4 a6 5. c4 e6 6. Nc3 Bc5 7. Nb3 Bb4 8. Bd2 Nf6 9. f3 O-O 10. a3 Be7 11. Be2 d5 12. cxd5 exd5 13. exd5 Nxd5 14. Nxd5 Qxd5 15. Bc3 Qg5 16. g3 Rd8 17. Nd2 Qe3 18. Qc2 Bc5 19. Ne4 Nd4 20. Bxd4 Bxd4 21. Rd1 Bf5 22. Rf1 Bh3 23. Rd3 Qh6 24. Rxd4 Rxd4 25. Rf2 Qe3 26. g4 Rad8 27. Nc3 Rd2 28. Qb1 a5 29. a4 b6 30. Qa1 Rc2 0-1

[Event "DVM U16w 2024"]
[Site "Neumuenster"]
[Date "2024.12.29"]
[Round "5"]
[White "Vasilieva, Sophie Victoria"]
[Black "Weidner, Marit"]
[Result "1-0"]
[ECO "D13"]
[WhiteElo "1677"]
[BlackElo "1553"]
[Annotator "NA"]
[PlyCount "91"]
[EventDate "2024.12.23"]
[EventType "team-tourn"]
[EventRounds "7"]
[EventCountry "GER"]
[SourceTitle "playchess.com"]
[Source "ChessBase"]
[SourceQuality "1"]
[TimeControl "40/5400+30:1800+30"]

1. d4 d5 2. Nf3 Bf5 3. c4 c6 4. Nc3 Nf6 5. cxd5 cxd5 6. Bf4 e6 7. e3 Bb4 8. Bxb8 Rxb8 9. Qa4+ Qd7 10. Bb5 Bxc3+ 11. bxc3 a6 12. Bxd7+ Nxd7 13. O-O Rd8 14. Ne5 f6 15. Nxd7 Rxd7 16. Rfe1 Ke7 17. Rac1 Bd3 18. Rcd1 Bb5 19. Qa3+ Kf7 20. Rb1 Bd3 21. Rb4 Rc8 22. Rd1 Bb5 23. Rdb1 Rdc7 24. Rc1 Kg8 25. h3 Bc4 26. Kh2 e5 27. dxe5 fxe5 28. g4 Rf8 29. Kg3 Rcf7 30. Rc2 Bd3 31. Rd2 Be4 32. c4 Rf3+ 33. Kh2 d4 34. Qb3 h6 35. c5+ Kh7 36. Qe6 dxe3 37. fxe3 Rf2+ 38. Rxf2 Rxf2+ 39. Kg1 Rf6 40. Qxe5 Bc6 41. Rf4 Rg6 42. Qf5 Be8 43. h4 h5 44. Qxh5+ Kg8 45. Qd5+ Kh8 46. Rf8+ 1-0

[Event "DVM U16w 2024"]
[Site "Neumuenster"]
[Date "2024.12.29"]
[Round "5"]
[White "Scheiding, Sophia"]
[Black "Shynkar, Daria"]
[Result "1-0"]
[ECO "B22"]
[WhiteElo "1672"]
[BlackElo "1685"]
[Annotator "NA"]
[PlyCount "81"]
[EventDate "2024.12.23"]
[EventType "team-tourn"]
[EventRounds "7"]
[EventCountry "GER"]
[SourceTitle "playchess.com"]
[Source "ChessBase"]
[SourceQuality "1"]
[TimeControl "40/5400+30:1800+30"]

1. e4 c5 2. c3 d5 3. exd5 Qxd5 4. Nf3 Bg4 5. Be2 e6 6. Qa4+ Nc6 7. Qxg4 Nf6 8. Qa4 Be7 9. O-O a6 10. Na3 O-O 11. Qd1 Qd7 12. Nc4 Qc7 13. d4 Rfd8 14. Be3 cxd4 15. cxd4 Nd5 16. Rc1 Rac8 17. Nfe5 Qb8 18. Nxc6 Rxc6 19. Ne5 Rxc1 20. Qxc1 Bd6 21. Nf3 Rc8 22. Qb1 h6 23. Rc1 Rc7 24. Rxc7 Qxc7 25. Qc1 Qxc1+ 26. Bxc1 Kf8 27. Ne5 Ke7 28. Bf3 f6 29. Nc4 Bc7 30. b3 b5 31. Ne3 Nf4 32. Ba3+ Kd7 33. d5 exd5 34. Nxd5 Nxd5 35. Bxd5 Bd6 36. Bxd6 Kxd6 37. Bb7 a5 38. a4 b4 39. Kf1 Ke5 40. Ke2 Kd4 41. Kf3 1-0

[Event "DVM U16w 2024"]
[Site "Neumuenster"]
[Date "2024.12.29"]
[Round "5"]
[White "Gold, Finnja"]
[Black "Petrosyan, Ani"]
[Result "0-1"]
[ECO "B27"]
[WhiteElo "1657"]
[BlackElo "1683"]
[Annotator "NA"]
[PlyCount "110"]
[EventDate "2024.12.23"]
[EventType "team-tourn"]
[EventRounds "7"]
[EventCountry "GER"]
[SourceTitle "playchess.com"]
[Source "ChessBase"]
[SourceQuality "1"]
[TimeControl "40/5400+30:1800+30"]

1. e4 c6 2. c4 d5 3. cxd5 cxd5 4. exd5 Nf6 5. Bb5+ Nbd7 6. Nc3 g6 7. d4 Bg7 8. Nf3 O-O 9. Bf4 Nb6 10. O-O Nfxd5 11. Be5 a6 12. Ba4 Bg4 13. Bb3 Bxe5 14. dxe5 Nxc3 15. bxc3 Qxd1 16. Bxd1 Rac8 17. h3 Bf5 18. Rc1 Nd5 19. c4 Bd3 20. Re1 Bxc4 21. Bb3 Bxb3 22. axb3 b5 23. Ra1 Ra8 24. e6 f6 25. Red1 Rfd8 26. Nd4 Nc3 27. Rdc1 b4 28. Nc6 Ne2+ 29. Kf1 Nxc1 30. Nxd8 Nxb3 31. Rd1 a5 32. Nc6 Kf8 33. Rd7 Ra6 34. Rd8+ Kg7 35. Nxe7 Rxe6 36. Rd7 Kf8 37. Nd5 Nc5 38. Rxh7 b3 39. Rh8+ Kg7 40. Rc8 Nd3 41. Rc7+ Kh6 42. Ne3 b2 43. Rb7 a4 44. g4 a3 45. g5+ Kxg5 46. Rb5+ Re5 47. h4+ Kh5 48. Rb8 Rxe3 49. fxe3 a2 50. Ke2 b1=Q 51. Rd8 Qc2+ 52. Kf3 Ne1+ 53. Kf4 Qf5+ 54. Kg3 Qf3+ 55. Kh2 Qg2# 0-1

[Event "DVM U16w 2024"]
[Site "Neumuenster"]
[Date "2024.12.29"]
[Round "5"]
[White "Glotz, Diana"]
[Black "Siegel, Irene"]
[Result "0-1"]
[ECO "D01"]
[WhiteElo "1641"]
[BlackElo "1612"]
[Annotator "NA RC"]
[PlyCount "74"]
[EventDate "2024.12.23"]
[EventType "team-tourn"]
[EventRounds "7"]
[EventCountry "GER"]
[SourceTitle "playchess.com"]
[Source "ChessBase"]
[SourceQuality "1"]
[TimeControl "40/5400+30:1800+30"]

1. d4 d5 2. Nc3 Nf6 3. Bg5 c6 4. Bxf6 exf6 5. Qd3 Bd6 6. e3 O-O 7. Be2 Re8 8. Nf3 b6 9. h3 Nd7 10. O-O-O a5 11. g4 Ba6 12. Qd2 Bxe2 13. Qxe2 b5 14. h4 a4 15. Nb1 b4 16. b3 axb3 17. axb3 Rc8 18. Rdg1 c5 19. dxc5 Nxc5 20. g5 Nxb3+ 21. Kd1 Na1 22. Ne1 d4 23. Qd3 dxe3 24. fxe3 Be5 25. Rg2 Qb6 26. Nd2 Red8 27. Qe4 b3 28. cxb3 Nxb3 29. Nef3 Rc1+ 30. Ke2 Rxh1 31. Nxb3 Qxb3 32. Ng1 Qb5+ 33. Kf3 Qf1+ 34. Rf2 Qxg1 35. Qc2 Qg3+ 36. Ke4 Rxh4+ 37. Kf5 Qxg5# 0-1

[Event "DVM U16w 2024"]
[Site "Neumuenster"]
[Date "2024.12.29"]
[Round "5"]
[White "Modali, Nikhilamrutha"]
[Black "Huber, Laura"]
[Result "0-1"]
[ECO "B11"]
[WhiteElo "1640"]
[BlackElo "1679"]
[Annotator "NA"]
[PlyCount "44"]
[EventDate "2024.12.23"]
[EventType "team-tourn"]
[EventRounds "7"]
[EventCountry "GER"]
[SourceTitle "playchess.com"]
[Source "ChessBase"]
[SourceQuality "1"]
[TimeControl "40/5400+30:1800+30"]

1. e4 c6 2. Nc3 d5 3. Qf3 dxe4 4. Nxe4 Nf6 5. Bc4 Nbd7 6. d4 Nb6 7. Bb3 Qxd4 8. Ng5 Qe5+ 9. Ne2 Nbd5 10. h3 h6 11. Nxf7 Kxf7 12. O-O e6 13. Re1 Bd6 14. g3 Qe4 15. Bxd5 exd5 16. Qc3 Bb4 17. Qb3 Bxe1 18. Be3 Ba5 19. Nf4 Qc4 20. Qa3 Bb4 21. Qa4 b5 22. Qb3 Qxb3 0-1

[Event "DVM U16w 2024"]
[Site "Neumuenster"]
[Date "2024.12.29"]
[Round "5"]
[White "Amelang, Jamie Alice"]
[Black "Guliyeva, Zahra"]
[Result "1-0"]
[ECO "C41"]
[WhiteElo "1634"]
[BlackElo "1053"]
[Annotator "NA RC"]
[PlyCount "151"]
[EventDate "2024.12.23"]
[EventType "team-tourn"]
[EventRounds "7"]
[EventCountry "GER"]
[SourceTitle "playchess.com"]
[Source "ChessBase"]
[SourceQuality "1"]
[TimeControl "40/5400+30:1800+30"]

1. e4 e5 2. Nf3 d6 3. d4 exd4 4. Nxd4 Be7 5. Nc3 Nf6 6. Bc4 O-O 7. Bb3 b6 8. O-O Bb7 9. Re1 Nbd7 10. Bc4 Nc5 11. Bd3 Nfd7 12. Bb5 Bf6 13. Bf4 a6 14. Bf1 Re8 15. f3 Ne5 16. Rb1 Ncd7 17. Nde2 Ng6 18. Nd5 Nde5 19. Nxf6+ Qxf6 20. Bg3 Nh4 21. Nf4 Qg5 22. Nh3 Qf6 23. Nf4 Qg5 24. Be2 Kh8 25. Qd4 Rad8 26. Qf2 Nhg6 27. Nd5 Bxd5 28. exd5 Nf4 29. Bf1 Nxd5 30. f4 Qg6 31. fxe5 dxe5 32. Rxe5 Nf6 33. Rxe8+ Rxe8 34. Bd3 Qg5 35. Bh4 Qh6 36. Bxf6 gxf6 37. Bxa6 Qh5 38. Qxf6+ Kg8 39. Rf1 Rf8 40. Rf5 Qd1+ 41. Bf1 Qg4 42. Rg5+ Qxg5 43. Qxg5+ Kh8 44. Bd3 Rg8 45. Qf6+ Rg7 46. Qd8+ Rg8 47. Qxc7 b5 48. Bxb5 f5 49. a4 f4 50. Qxf4 Rg7 51. Qf8+ Rg8 52. Qxg8+ Kxg8 53. a5 Kf8 54. a6 Ke7 55. a7 Kd6 56. a8=R Kc5 57. Ra4 Kxb5 58. Rg4 h5 59. Rh4 Kc5 60. g4 hxg4 61. Rxg4 Kd5 62. h4 Ke5 63. h5 Kf6 64. h6 Kf5 65. Rg2 Kf6 66. h7 Kf7 67. h8=R Ke6 68. Rf2 Ke5 69. Re8+ Kd4 70. Rf7 Kd5 71. Rd7+ Kc6 72. Rd3 Kc5 73. Rc8+ Kb6 74. Rb3+ Ka7 75. Rc4 Ka6 76. Ra4# 1-0

[Event "DVM U16w 2024"]
[Site "Neumuenster"]
[Date "2024.12.29"]
[Round "5"]
[White "Prokscha, Charlotte"]
[Black "Schmidt, Sophie"]
[Result "1-0"]
[ECO "A25"]
[WhiteElo "1627"]
[BlackElo "1695"]
[Annotator "NA"]
[PlyCount "49"]
[EventDate "2024.12.23"]
[EventType "team-tourn"]
[EventRounds "7"]
[EventCountry "GER"]
[SourceTitle "playchess.com"]
[Source "ChessBase"]
[SourceQuality "1"]
[TimeControl "40/5400+30:1800+30"]

1. c4 e5 2. Nc3 Nc6 3. g3 Bc5 4. Bg2 Nf6 5. e3 O-O 6. Nge2 d6 7. O-O Bf5 8. a3 a5 9. d4 exd4 10. Nxd4 Bg4 11. Nxc6 bxc6 12. Qa4 Ra6 13. b4 Bb6 14. Bxc6 Bh3 15. b5 Ra7 16. Re1 h5 17. Qc2 Ng4 18. Bb2 Ne5 19. Bd5 h4 20. Ne2 Bg4 21. Bxe5 dxe5 22. Qe4 Qg5 23. Rac1 Bc5 24. gxh4 Bxe2+ 25. hxg5 1-0

[Event "DVM U16w 2024"]
[Site "Neumuenster"]
[Date "2024.12.29"]
[Round "5"]
[White "Brauer, Celiene"]
[Black "Hladeniuk, Yelyzaveta"]
[Result "0-1"]
[ECO "B10"]
[WhiteElo "1611"]
[BlackElo "1630"]
[Annotator "NA"]
[PlyCount "56"]
[EventDate "2024.12.23"]
[EventType "team-tourn"]
[EventRounds "7"]
[EventCountry "GER"]
[SourceTitle "playchess.com"]
[Source "ChessBase"]
[SourceQuality "1"]
[TimeControl "40/5400+30:1800+30"]

1. e4 c6 2. c4 e6 3. d4 Bb4+ 4. Bd2 Bxd2+ 5. Qxd2 Ne7 6. Nc3 d5 7. cxd5 exd5 8. Nf3 dxe4 9. Nxe4 O-O 10. Bc4 h6 11. O-O Nf5 12. Rad1 Nd6 13. Nxd6 Qxd6 14. Rfe1 Bg4 15. Be2 Re8 16. Ne5 Bxe2 17. Rxe2 Nd7 18. Nc4 Qd5 19. b3 Nf6 20. Re5 Rxe5 21. Nxe5 Rd8 22. Nf3 Ne4 23. Qd3 Ng5 24. Ne5 c5 25. f4 Ne6 26. g3 Nxd4 27. b4 Nf3+ 28. Kf2 Qxa2+ 0-1

[Event "DVM U16w 2024"]
[Site "Neumuenster"]
[Date "2024.12.29"]
[Round "5"]
[White "Roessling, Laura Marie"]
[Black "Hergenroeder, Cora"]
[Result "1-0"]
[ECO "B15"]
[WhiteElo "1607"]
[BlackElo "1681"]
[Annotator "NA"]
[PlyCount "59"]
[EventDate "2024.12.23"]
[EventType "team-tourn"]
[EventRounds "7"]
[EventCountry "GER"]
[SourceTitle "playchess.com"]
[Source "ChessBase"]
[SourceQuality "1"]
[TimeControl "40/5400+30:1800+30"]

1. e4 c6 2. d4 d5 3. Nd2 dxe4 4. Nxe4 Nf6 5. Nxf6+ exf6 6. c3 Bd6 7. Bd3 O-O 8. Qc2 Re8+ 9. Be3 g6 10. Ne2 Be6 11. O-O-O Qc7 12. c4 Nd7 13. h4 Bf8 14. h5 Nb6 15. Rdg1 Qd7 16. g4 Qe7 17. Nf4 Bg7 18. Nxe6 Qxe6 19. hxg6 fxg6 20. Rh2 Re7 21. Rgh1 Qxg4 22. Rxh7 f5 23. R7h4 Qf3 24. R1h2 f4 25. Rxf4 Rxe3 26. Rxf3 Rxf3 27. Bxg6 Bxd4 28. Bh7+ Kg7 29. Qg6+ Kf8 30. Qd6+ 1-0

[Event "DVM U16w 2024"]
[Site "Neumuenster"]
[Date "2024.12.29"]
[Round "5"]
[White "Christiansen, Jana-Marie"]
[Black "Halas, Neele Zoe"]
[Result "0-1"]
[ECO "A17"]
[WhiteElo "1602"]
[BlackElo "1835"]
[Annotator "NA"]
[PlyCount "62"]
[EventDate "2024.12.23"]
[EventType "team-tourn"]
[EventRounds "7"]
[EventCountry "GER"]
[SourceTitle "playchess.com"]
[Source "ChessBase"]
[SourceQuality "1"]
[TimeControl "40/5400+30:1800+30"]

1. c4 e6 2. g3 d5 3. cxd5 exd5 4. d4 Nf6 5. Bg2 Be7 6. Nc3 c6 7. e3 O-O 8. Nge2 Re8 9. O-O Bf5 10. h3 h6 11. Nf4 Nbd7 12. Bd2 Bd6 13. Re1 g5 14. Nfe2 Nf8 15. Kh1 Qd7 16. Ng1 g4 17. hxg4 Nxg4 18. Qe2 Ng6 19. Bf3 h5 20. Qf1 Be4 21. Nxe4 dxe4 22. Bxg4 hxg4 23. Ne2 Qf5 24. Kg2 Kg7 25. Qg1 Qf3+ 26. Kf1 Rh8 27. Qg2 Rh1+ 28. Ng1 Rah8 29. Qxf3 gxf3 30. Bc3 f6 31. Red1 R8h2 0-1

[Event "DVM U16w 2024"]
[Site "Neumuenster"]
[Date "2024.12.29"]
[Round "5"]
[White "Bako, Isabella"]
[Black "Averkova, Mariia"]
[Result "1/2-1/2"]
[ECO "D04"]
[WhiteElo "1600"]
[BlackElo "1765"]
[Annotator "NA RC"]
[PlyCount "84"]
[EventDate "2024.12.23"]
[EventType "team-tourn"]
[EventRounds "7"]
[EventCountry "GER"]
[SourceTitle "playchess.com"]
[Source "ChessBase"]
[SourceQuality "1"]
[TimeControl "40/5400+30:1800+30"]

1. d4 d5 2. Nf3 c5 3. e3 Nc6 4. b3 Nf6 5. Bd3 Bg4 6. Bb2 e6 7. Nbd2 Be7 8. O-O O-O 9. a3 a6 10. Qe1 Rb8 11. dxc5 Bxc5 12. b4 Be7 13. Ne5 Nxe5 14. Bxe5 Bd6 15. f4 Bxe5 16. fxe5 Nd7 17. Qg3 Bh5 18. Nf3 Bxf3 19. gxf3 g6 20. h4 Kg7 21. Kf2 h5 22. Rg1 Qe8 23. Rg2 Rh8 24. Rag1 Rh6 25. f4 Rc8 26. Ke1 Rc3 27. a4 Ra3 28. a5 Ra1+ 29. Kf2 Rxg1 30. Rxg1 Nb8 31. Qg5 Kh7 32. f5 Nc6 33. fxg6+ fxg6 34. Qf4 Ne7 35. e4 d4 36. Bc4 Nc6 37. Rb1 Qe7 38. Qf6 g5 39. Qxe7+ Nxe7 40. hxg5 Rg6 41. Rg1 Nc6 42. Be2 h4 1/2-1/2

[Event "DVM U16w 2024"]
[Site "Neumuenster"]
[Date "2024.12.29"]
[Round "5"]
[White "Goeb, Franziska"]
[Black "Mueller, Cosima"]
[Result "1/2-1/2"]
[ECO "B38"]
[WhiteElo "1572"]
[BlackElo "1757"]
[Annotator "NA RC"]
[PlyCount "74"]
[EventDate "2024.12.23"]
[EventType "team-tourn"]
[EventRounds "7"]
[EventCountry "GER"]
[SourceTitle "playchess.com"]
[Source "ChessBase"]
[SourceQuality "1"]
[TimeControl "40/5400+30:1800+30"]

1. e4 c5 2. Nf3 Nc6 3. d4 cxd4 4. Nxd4 g6 5. c4 Bg7 6. Be3 Nf6 7. Nc3 O-O 8. Be2 d6 9. O-O Bd7 10. Qd2 Nxd4 11. Bxd4 Bc6 12. f3 Nd7 13. Be3 Rc8 14. Rfc1 Nb6 15. b3 e6 16. Rab1 d5 17. exd5 exd5 18. cxd5 Bxd5 19. Nxd5 Qxd5 20. Qxd5 Nxd5 21. Bd2 Nc3 22. Bxc3 Bxc3 23. Bc4 Bd4+ 24. Kf1 Rc7 25. Rd1 Be5 26. g3 a6 27. f4 Bc3 28. Rbc1 Bb4 29. Bd5 Rfc8 30. Rxc7 Rxc7 31. Be4 Be7 32. Ke2 Kg7 33. Rd2 b5 34. Rc2 Rxc2+ 35. Bxc2 Kf6 36. Be4 Bc5 37. Kf3 h6 1/2-1/2

[Event "DVM U16w 2024"]
[Site "Neumuenster"]
[Date "2024.12.29"]
[Round "5"]
[White "Dhanasekaran Meenambigai, Diya"]
[Black "Neitzke, Loreley"]
[Result "1-0"]
[ECO "A40"]
[WhiteElo "1568"]
[BlackElo "883"]
[Annotator "NA"]
[PlyCount "91"]
[EventDate "2024.12.23"]
[EventType "team-tourn"]
[EventRounds "7"]
[EventCountry "GER"]
[SourceTitle "playchess.com"]
[Source "ChessBase"]
[SourceQuality "1"]
[TimeControl "40/5400+30:1800+30"]

1. d4 e6 2. Nc3 c5 3. Bf4 cxd4 4. Qxd4 Nc6 5. Qd1 d5 6. e3 Bc5 7. Nf3 Nge7 8. a3 f6 9. Be2 e5 10. Bg3 Nf5 11. Qxd5 Nxg3 12. Qxd8+ Nxd8 13. hxg3 Bf5 14. Bb5+ Nc6 15. Nd5 O-O 16. O-O-O Be6 17. Nc7 Rad8 18. Rxd8 Nxd8 19. Nxe6 Nxe6 20. Bc4 Kf7 21. Bxe6+ Kxe6 22. Rxh7 Kf7 23. g4 e4 24. Nd2 Kg6 25. Rh1 f5 26. gxf5+ Rxf5 27. Nxe4 b6 28. Nxc5 bxc5 29. f3 c4 30. Kd2 Rd5+ 31. Kc3 Rc5 32. Rh4 Rh5 33. Rxh5 Kxh5 34. Kxc4 g5 35. e4 Kh4 36. e5 Kg3 37. e6 Kxg2 38. e7 Kxf3 39. e8=Q g4 40. Qe1 g3 41. Qg1 g2 42. Kd3 Kg3 43. Ke3 Kh3 44. Kf3 Kh4 45. Qxg2 a6 46. Qg4# 1-0

[Event "DVM U16w 2024"]
[Site "Neumuenster"]
[Date "2024.12.29"]
[Round "5"]
[White "Mo, Keyou"]
[Black "Margaryan, Mane"]
[Result "0-1"]
[ECO "B33"]
[WhiteElo "1552"]
[BlackElo "1533"]
[Annotator "NA"]
[PlyCount "58"]
[EventDate "2024.12.23"]
[EventType "team-tourn"]
[EventRounds "7"]
[EventCountry "GER"]
[SourceTitle "playchess.com"]
[Source "ChessBase"]
[SourceQuality "1"]
[TimeControl "40/5400+30:1800+30"]

1. e4 c5 2. Nf3 e6 3. d4 cxd4 4. Nxd4 Nf6 5. f3 Nc6 6. Nxc6 bxc6 7. c4 Bb7 8. Nc3 d5 9. cxd5 cxd5 10. exd5 Nxd5 11. Qa4+ Ke7 12. Qa3+ Qd6 13. Qb3 Bc6 14. Bd2 Rb8 15. Nxd5+ Bxd5 16. Qc2 Qe5+ 17. Be2 Rxb2 18. Qc5+ Kd8 19. Ba5+ Kd7 20. Qxa7+ Rb7 21. Qf2 Qxa1+ 22. Bd1 Qe5+ 23. Kf1 Bc4+ 24. Kg1 Bc5 25. Ba4+ Ke7 26. g4 Bxf2+ 27. Kxf2 Rb2+ 28. Kg1 Qxa5 29. f4 Qe1# 0-1

[Event "DVM U16w 2024"]
[Site "Neumuenster"]
[Date "2024.12.29"]
[Round "5"]
[White "Brewig, Bea Josephine"]
[Black "Weng, Yueyi Elina"]
[Result "1-0"]
[ECO "B13"]
[WhiteElo "1545"]
[BlackElo "1718"]
[Annotator "NA RC"]
[PlyCount "57"]
[EventDate "2024.12.23"]
[EventType "team-tourn"]
[EventRounds "7"]
[EventCountry "GER"]
[SourceTitle "playchess.com"]
[Source "ChessBase"]
[SourceQuality "1"]
[TimeControl "40/5400+30:1800+30"]

1. e4 c6 2. d4 d5 3. exd5 cxd5 4. c4 Nf6 5. Nc3 Nc6 6. Nf3 Bg4 7. cxd5 Nxd5 8. Qb3 Bxf3 9. gxf3 e6 10. Qxb7 Nxd4 11. Bb5+ Nxb5 12. Qc6+ Ke7 13. Qc5+ Nd6 14. Nxd5+ exd5 15. O-O Qb6 16. Qxd5 Re8 17. Bg5+ Kd7 18. Rfd1 Be7 19. Be3 Qc6 20. Qf5+ Kd8 21. Rac1 Qb7 22. Bxa7 Ref8 23. Bb6+ Ke8 24. Rxd6 Bxd6 25. Re1+ Be7 26. Bc5 Kd8 27. Bxe7+ Kc7 28. Bxf8 Qb6 29. Qxf7+ 1-0